 Dungeon Crawl Stone Soup version 0.17-a0-1951-g62301d3 (webtiles) character file.

350 Ordine the Cruncher (level 6, 0/50 HPs)
             Began as a Minotaur Gladiator on Oct 3, 2015.
             Slain by a sky beast (1 damage)
             ... on level 4 of the Dungeon.
             The game lasted 00:08:25 (3211 turns).

Ordine the Cruncher (Minotaur Gladiator)            Turns: 3211, Time: 00:08:26

Health: 0/50       AC:  6    Str: 19    XL:     6   Next: 33%
Magic:  5/5        EV: 13    Int:  5    God:
Gold:   86         SH:  0    Dex: 13    Spells: 0 memorised, 5 levels left

rFire  . . .     SeeInvis .     a - +0 quarterstaff
rCold  . . .     Clarity  .     m - +0 leather armour (curse)
rNeg   . . .     SustAt   .     (no shield)
rPois  .         Gourm    .     c - +1 hat
rElec  .         Spirit   .     (no cloak)
rCorr  .         Warding  .     p - +0 pair of gloves
rMut   .         Stasis   .     (no boots)
MR     .....                    (no amulet)
Stlth  +.........               (no ring)
                                j - +1 ring of protection

@: invisible, not resistant to hostile enchantments, very unstealthy
A: retaliatory headbutt, hooves 1, horns 2
a: no special abilities


You were on level 4 of the Dungeon.
You were not hungry.

You visited 1 branch of the dungeon, and saw 4 of its levels.

You collected 86 gold pieces.

Inventory:

Hand weapons
 a - a +0 quarterstaff (weapon)
Missiles
 d - 3 throwing nets (quivered)
Armour
 c - a +1 hat (worn)
 i - a +3 ring mail
 m - a cursed +0 leather armour (worn)
 o - a +0 chain mail
 p - a +0 pair of gloves (worn)
Jewellery
 j - a +1 ring of protection (left hand)
Magical devices
 f - a wand of magic darts (38)
 l - a wand of frost (24)
Scrolls
 g - a scroll of teleportation
Potions
 h - 2 potions of curing {unknown}
 k - a potion of haste {unknown}
Comestibles
 e - 7 bread rations
 n - 2 meat rations
 q - 2 chunks of flesh


   Skills:
 - Level 2.4 Fighting
 + Level 8.7 Staves
 - Level 2.0 Throwing
 - Level 3.2 Dodging


You had 5 spell levels left.
You didn't know any spells.

Dungeon Overview and Level Annotations

Branches:
Dungeon (4/15)
 Temple: D:4-7

Altars:
Qazlal
Trog


Innate Abilities, Weirdness & Mutations

You reflexively headbutt those who attack you in melee.
You have a pair of horns on your head.
You have large cloven feet.


Message History

You are too injured to fight recklessly!
You are too injured to fight recklessly!
You are too injured to fight recklessly!
Drink which item? (? for menu, Esc to quit)
Okay, then.
Something hits you.
* * * LOW HITPOINT WARNING * * *
Something shocks you.
* * * LOW HITPOINT WARNING * * *
A giant cockroach comes into view.
The orc wizard casts a cantrip, but nothing happens.
Something hits you.
* * * LOW HITPOINT WARNING * * *
Something shocks you.
* * * LOW HITPOINT WARNING * * *
Drink which item? (? for menu, Esc to quit)
You fade into invisibility!
The orc wizard casts a spell.
The orc wizard flickers and vanishes!
Something hits you.
You die...

.......#...## #.....
..#.[###....####.....
###.†####...##......#
.)).)..............#
.
..##.....####..##..#
§. .####.####
##..#..# §§. ## #.#
##.s..#§§§§ # .#
##....§§§§ # .#
##@.§§.§§§ ##
##{o.§§....
#..)§##§§§. #......#
§ .......o.#
...####{.# ..# #..#
## #..# #..#


You could see 2 orcs and a giant cockroach.

Vanquished Creatures
  An orc priest (D:3)
  2 hounds (D:4)
  Jessica (D:2)
  An orc wizard (D:4)
  7 gnolls
  4 adders
  2 oozes
  A worm (D:2)
  2 giant geckos
  19 orcs
  5 giant cockroaches
  4 goblins
  6 hobgoblins
  4 jackals (D:2)
  6 kobolds
  8 bats
  2 giant newts
  A jackal skeleton (D:4)
  10 rats
86 creatures vanquished.

Notes
Turn   | Place    | Note
--------------------------------------------------------------
     0 | D:1      | Ordine the Minotaur Gladiator began the quest for the Orb.
     0 | D:1      | Reached XP level 1. HP: 18/18 MP: 0/0
   175 | D:1      | Reached skill level 4 in Staves
   246 | D:1      | Reached XP level 2. HP: 25/25 MP: 1/1
   575 | D:2      | Reached skill level 5 in Staves
   578 | D:2      | Reached XP level 3. HP: 27/30 MP: 2/2
   610 | D:2      | Noticed Jessica
   619 | D:2      | Killed Jessica
   619 | D:2      | Reached XP level 4. HP: 17/37 MP: 3/3
   659 | D:2      | Reached skill level 6 in Staves
  1727 | D:3      | Reached XP level 5. HP: 20/42 MP: 4/4
  1731 | D:3      | Reached skill level 7 in Staves
  1754 | D:3      | HP: 1/42 [orc priest/trident (2)]
  2287 | D:3      | Gained mutation: You have large cloven feet. [potion of beneficial mutation]
  2700 | D:4      | Found a bloodstained altar of Trog.
  2733 | D:4      | Reached skill level 8 in Staves
  2736 | D:4      | Reached XP level 6. HP: 10/50 MP: 5/5
  2963 | D:4      | Found a stormy altar of Qazlal.
  3199 | D:4      | Noticed a sky beast
  3210 | D:4      | HP: 1/50 [something (5)]
  3211 | D:4      | Slain by a sky beast

Vault maps used:
D:1:      ncdulo_wetmaze, kennysheep_crisscross
D:2:      uniq_jessica
D:3:      first_bread, serial_corexii_hall, corexii_hall_statues_t,
          corexii_hall_statues_l
D:4:      elyvilon_altar_5, grunt_temple_overflow_open, temple_statues,
          nicolae_dithmenos_the_darkroom

Action                   |  1- 3 |  4- 6 || total
-------------------------+-------+-------++-------
Melee: Quarterstaff      |    56 |   141 ||   197
  Use: Scroll            |     4 |     3 ||     7
       Potion            |       |     3 ||     3
  Eat: Chunk             |       |     7 ||     7
